 Dungeon Crawl Stone Soup version 0.21.1-1-g345015fe64 (webtiles) character file.

124 Khress the Skirmisher (level 4, -6/41 HPs)
             Began as a Minotaur Abyssal Knight on Feb 16, 2018.
             Was a Follower of Lugonu.
             Mangled by a gnoll
             ... wielding a +0 halberd
              (10 damage)
             ... on level 3 of the Dungeon.
             The game lasted 00:17:18 (3203 turns).

Khress the Skirmisher (Minotaur Abyssal Knight)     Turns: 3203, Time: 00:17:19

Health: -6/41      AC:  6    Str: 18    XL:     4   Next: 81%
Magic:  4/4        EV: 14    Int:  9    God:    Lugonu [*.....]
Gold:   113        SH:  0    Dex: 16    Spells: 3/3 levels left

rFire    . . .     SeeInvis .   s - +0 long sword
rCold    . . .     Gourm    +   (no shield)
rNeg     . . .     Faith    .   n - +0 scale mail
rPois    .         Spirit   .   (helmet restricted)
rElec    .         Reflect  .   (no cloak)
rCorr    .         Harm     .   (no gloves)
MR       .....                  (no boots)
Stlth    +.........             p - amulet of the gourmand
HPRegen  0.13/turn              j - +2 ring of dexterity
MPRegen  0.09/turn              (no ring)

@: agile, heavily drained
A: retaliatory headbutt, horns 2
a: Depart the Abyss, Renounce Religion


You were on level 3 of the Dungeon.
You worshipped Lugonu.
Lugonu was aware of your devotion.
You were not hungry.

You visited 1 branch of the dungeon, and saw 3 of its levels.
You visited the Abyss 1 time.

You collected 113 gold pieces.

Inventory:

Hand Weapons
 a - a +1 short sword
 q - a -2 short sword
 r - a +0 mace of venom
 s - a +0 long sword (weapon)
Missiles
 e - 61 arrows
 g - 100 stones (quivered)
 t - 10 sling bullets
 u - 22 bolts
Armour
 b - a +1 leather armour
 n - a +0 scale mail (worn)
Jewellery
 h - a +5 amulet of reflection
 j - a +2 ring of dexterity (left hand)
 k - an uncursed amulet of harm
 p - an amulet of the gourmand (around neck)
Scrolls
 d - 3 scrolls of identify
 i - a scroll of remove curse
 l - a scroll of blinking
 m - a scroll of magic mapping
 v - a scroll of teleportation {unknown}
Potions
 f - a potion of lignification
Comestibles
 c - 5 rations


   Skills:
 + Level 4.7(3.4) Fighting
 - Level 3.0(2.0) Short Blades
 * Level 2.0(1.8) Long Blades
 - Level 0.5(0.0) Throwing
 + Level 3.4(2.1) Armour
 + Level 1.4(0.2) Dodging
 + Level 0.7(0.0) Stealth
 - Level 1.8(0.6) Invocations


You had 3 spell levels left.
You didn't know any spells.

Dungeon Overview and Level Annotations

Branches:
Dungeon (3/15)

Altars:
Xom
Yredelemnul
The Shining One


Innate Abilities, Weirdness & Mutations

You reflexively headbutt those who attack you in melee.
You have a pair of horns on your head.


Message History

The gnoll closely misses you.
You riposte.
You completely miss the gnoll.
The gnoll is almost dead.
The gnoll closely misses you.
You are too injured to fight recklessly!
You are too injured to fight recklessly!
You hit the gnoll but do no damage.
You headbutt the gnoll, but do no damage.
The gnoll is almost dead.
The gnoll barely misses you. You furiously retaliate!
You headbutt the gnoll, but do no damage.
You riposte.
You slash the gnoll!
You kill the gnoll!
Lugonu accepts your kill.
Your base Long Blades skill increases to level 2!
The gnoll hits you from afar with a halberd.
* * * LOW HITPOINT WARNING * * *
Things that are here:
a club; a hobgoblin corpse The gnoll hits you from afar with a halberd!
You die...

.....#.####.###..+...............
#####......).....#......##.....#.
#####..####......#......##.....#.
.................+.............#.
#####..####.###..#....[######..#.
#..# #.# #..#.....# #..#.
#####..####.###..#.....######..#.
.................................
######.####.####@########...#....
..............g..# #...#).#.
################## #....)...
#.........# #......#. #.........#
#........ #.........# #........
#.........# #.....#.. #.........#
######........ #.........#
#............>


You could see a gnoll.

Vanquished Creatures
  3 gnolls (D:3)
  An adder (D:2)
  2 oozes
  4 worms (D:2)
  4 leopard geckos
  5 orcs (D:3)
  A giant cockroach (D:3)
  2 gnoll zombies (D:3)
  3 goblins
  6 hobgoblins
  5 jackals
  4 kobolds
  A quokka (D:2)
  7 bats
  2 frilled lizards
  10 rats
60 creatures vanquished.

Notes
Turn   | Place    | Note
-------+----------+-------------------------------------------
     0 | Abyss:1  | Khress the Minotaur Abyssal Knight began the quest for the Orb.
     0 | Abyss:1  | Reached XP level 1. HP: 19/19 MP: 1/1
   110 | Abyss:1  | Noticed an apocalypse crab
   130 | Abyss:1  | Noticed a sky beast
   138 | D:1      | Escaped the Abyss
   206 | D:1      | Reached * piety under Lugonu
   265 | D:1      | Reached skill level 4 in Fighting
   323 | D:1      | Reached XP level 2. HP: 12/27 MP: 2/2
  1312 | D:2      | Reached XP level 3. HP: 34/34 MP: 3/3
  2042 | D:2      | Found a glowing golden altar of the Shining One.
  2441 | D:3      | Reached XP level 4. HP: 30/41 MP: 4/4
  2713 | D:3      | Found a basalt altar of Yredelemnul.
  3147 | D:3      | Reached skill level 1 in Long Blades
  3148 | D:3      | Found a shimmering altar of Xom.
  3174 | D:3      | HP: 1/41 [gnoll/halberd (6)]
  3203 | D:3      | Mangled by a gnoll

Skill      XL: |  1  2  3  4 |
---------------+-------------+-----
Fighting       | 4 |  4.7
Armour         | 3 |  3.4
Short Blades   | 3 |  3.0
Long Blades    | 2 |  2.0
Throwing       | |  0.5
Dodging        | |  1.4
Stealth        | |  0.7
Invocations    | |  1.8

Action                   |  1- 3 |  4- 6 || total
-------------------------+-------+-------++-------
Melee: Short sword       |   115 |     5 ||   120
       Headbutt          |    17 |    10 ||    27
       Long sword        |       |    35 ||    35
       Mace              |       |     9 ||     9
Throw: Stone             |    42 |       ||    42
Invok: Depart the Abyss  |     1 |       ||     1
  Use: Scroll            |     3 |     3 ||     6
       Potion            |     4 |     1 ||     5
  Eat: Chunk             |     2 |     4 ||     6
       Ration            |     1 |     1 ||     2
Armor: Leather armour    |    23 |     3 ||    26
       Scale mail        |       |    17 ||    17
Dodge: Dodged            |    55 |    29 ||    84
Block: Other             |    16 |       ||    16
       Reflection        |     1 |       ||     1
       Rpst.: Long sword |       |     4 ||     4
